Map: [ESL] Dragon Scales

Players

Oriana - Winner!

  • Race: Terran Terran
  • Spawn Location: 11:00

MacSed

  • Race: Protoss Protoss
  • Spawn Location: 5:00

Event: ESL SC2 Masters 2023 Summer (Regionals)

VOD

Have the link to the VOD?

Description

Time

  • Played on: May 13, 2023, 7:58 a.m.
  • Length: 14:28

All games in this series

Show
View Real Time Build Order
Export as new Build Order

Oriana Terran - Winner!

Build Orders:  

Get SALT Encoding   

  12  0:00  SCV  
  13  0:12  SCV  
  14  0:17  Supply Depot  
  14  0:24  SCV  
  15  0:38  SCV  
  15  0:39  Barracks  
  16  0:43  Refinery  
  16  0:50  SCV  
  17  1:03  SCV  
  18  1:15  SCV  
  19  1:27  Orbital Command  
  20  1:37  Command Center  
  19  1:40  Marine  
  20  1:53  Factory  
  20  1:56  SCV  
  21  2:03  Barracks Reactor  
  21  2:07  Supply Depot  
  21  2:08  SCV  
  21  2:12  Refinery  
  22  2:20  SCV  
  23  2:32  SCV  
  26  2:37  Hellion  
  26  2:39  Starport  
  26  2:40  Marine x2  
  28  2:46  SCV  
  28  2:49  Orbital Command  
  29  2:59  SCV  
  29  3:01  Widow Mine  
  29  3:02  Marine x2  
  34  3:15  SCV x2  
  34  3:16  Supply Depot  
  34  3:17  Medivac  
  38  3:23  Factory Tech Lab  
  38  3:26  Marine x2  
  40  3:28  SCV x2  
  42  3:39  Supply Depot  
  42  3:40  SCV x2  
  44  3:46  Cyclone  
  45  3:50  Starport Tech Lab  
  45  3:52  Marine x2  
  45  3:55  SCV x2  
  49  3:58  Barracks  
  49  4:09  SCV x2, Supply Depot  
  51  4:10  Raven  
  51  4:13  Marine x2  
  55  4:21  SCV x2  
  55  4:23  Barracks  
  57  4:32  Marine x2  
  57  4:34  SCV x2  
  57  4:35  Supply Depot  
  57  4:37  Refinery  
  61  4:39  Engineering Bay  
  61  4:47  SCV x2  
  61  4:52  Marine x2  
  63  4:56  Stimpack, Marauder, Supply Depot  
  67  5:01  SCV x2  
  67  5:03  Starport Reactor  
  67  5:05  Terran Infantry Weapons Level 1  
  69  5:10  Factory Reactor  
  69  5:14  SCV x2, Marine x2  
  71  5:15  Refinery  
  71  5:19  Combat Shield  
  71  5:20  Marauder, Supply Depot  
  77  5:21  Marauder  
  77  5:29  SCV x2  
  77  5:30  Supply Depot  
  77  5:32  Supply Depot  
  77  5:34  Marine  
  77  5:35  Marine  
  81  5:40  Medivac  
  81  5:42  Medivac  
  83  5:44  SCV x2  
  83  5:47  Marauder  
  87  5:51  Widow Mine  
  87  5:53  Marauder  
  91  6:00  Command Center  
  91  6:01  Marine x2  
  93  6:05  Widow Mine  
  95  6:12  Marauder  
  95  6:18  Marauder, SCV x2  
  99  6:23  Marine x2  
  99  6:24  Medivac  
  99  6:25  Widow Mine, Medivac  
  107  6:33  Supply Depot  
  107  6:35  Supply Depot  
  107  6:39  Marauder, Concussive Shells  
  109  6:43  Marine  
  110  6:52  Barracks  
  110  6:54  Barracks  
  110  6:55  Marine  
  100  7:02  Marine x2  
  100  7:03  Marauder  
  100  7:07  SCV x2  
  100  7:08  Terran Infantry Armor Level 1  
  100  7:17  Marine  
  100  7:20  SCV x2  
  103  7:23  Missile Turret  
  103  7:25  Marauder, Armory  
  103  7:26  Marine  
  106  7:32  SCV x2  
  106  7:34  Widow Mine x2, Medivac x2  
  116  7:41  Barracks Tech Lab  
  116  7:42  Orbital Command  
  116  7:43  Barracks Tech Lab  
  116  7:44  SCV  
  116  7:45  SCV  
  116  7:48  Engineering Bay  
  116  7:49  Marine x2  
  120  7:53  Marauder  
  120  7:55  Marauder  
  120  7:57  SCV  
  125  7:58  SCV  
  125  8:02  Marauder x2  
  125  8:05  Supply Depot  
  130  8:07  Widow Mine  
  130  8:08  Widow Mine  
  130  8:10  SCV  
  130  8:11  SCV  
  130  8:12  SCV  
  137  8:14  Marine x2  
  137  8:16  Marauder  
  141  8:27  Marauder, SCV  
  141  8:28  Supply Depot  
  141  8:29  SCV  
  141  8:31  SCV  
  141  8:32  Marine  
  141  8:33  Marine, Marauder  
  146  8:35  Supply Depot  
  146  8:37  Terran Infantry Weapons Level 2  
  146  8:46  Marauder  
  148  8:49  Widow Mine x2, Marauder  
  148  8:52  Supply Depot  
  148  8:53  SCV x3, Refinery x2  
  157  8:56  Supply Depot  
  157  8:58  Marine x2  
  157  9:01  Marauder  
  161  9:09  Marauder  
  163  9:10  Marauder  
  163  9:13  Viking  
  163  9:14  Ghost Academy  
  163  9:15  Viking  
  167  9:18  Marine x2  
  167  9:22  Widow Mine x2  
  167  9:23  Marauder  
  175  9:24  Marauder  
  177  9:34  Marauder x2  
  181  9:40  Command Center  
  181  9:46  Marine  
  181  9:55  Marine  
  179  10:02  Ghost  
  179  10:05  Supply Depot, Ghost  
  179  10:06  Supply Depot  
  181  10:13  SCV  
  181  10:20  SCV x2, Marauder  
  185  10:23  Marine x2  
  185  10:24  Marauder  
  189  10:33  Refinery  
  189  10:36  SCV x2  
  189  10:37  SCV, Terran Infantry Armor Level 2  
  189  10:40  Marauder x2  
  189  10:41  Marauder  
  195  10:46  Marine, Viking x2  
  200  10:54  Supply Depot  
  200  10:56  Bunker  
  200  11:02  Barracks  
  200  11:06  Barracks  
  200  11:07  Barracks  
  200  11:14  Terran Infantry Weapons Level 3  
  200  11:16  Terran Ship Weapons Level 1  
  200  11:18  Missile Turret  
  194  11:28  Marine  
  194  11:29  Marine x2, Marauder x2  
  195  11:39  Ghost  
  193  11:42  Planetary Fortress  
  193  11:45  SCV x3  
  193  11:46  Ghost  
  200  11:54  Barracks Reactor x2, Barracks Tech Lab  
  200  12:15  Starport, Missile Turret  
  198  12:25  Ghost  
  177  12:39  Marine x2, Marauder x2  
  179  12:45  Marine  
  179  12:46  Marauder x2  
  179  12:47  Medivac x2  
  179  12:48  Widow Mine x2  
  179  12:50  Marine x2  
  178  12:54  Marine  
  178  12:55  Marauder  
  178  12:57  Marine  
  156  13:00  Marauder  
  145  13:06  Marine x4  
  145  13:07  Marauder  
  145  13:12  SCV x4  
  147  13:13  Command Center  
  147  13:17  Marine x4  
  147  13:19  Starport Reactor  
  151  13:23  Viking x2  
  153  13:30  Marine x3  
  153  13:31  Marauder  
  143  13:42  Marine x2  
  133  13:51  Marine  
  133  13:52  Marine x4, Marauder  
  133  13:53  Marauder x3  
  152  14:07  Marine x2  
  152  14:09  Marine  
  157  14:23  Refinery  
  158  14:25  Refinery  
Show
View Real Time Build Order
Export as new Build Order

MacSed Protoss 

Build Orders: 1 Gate Expand, Phoenix Opening, Zealot Archon, Colossus Rush 

Get SALT Encoding   

  12  0:00  Probe  
  13  0:12  Probe  
  14  0:17  Pylon  
  14  0:24  Probe (Chrono Boost)  
  16  0:36  Probe (Chrono Boost)  
  16  0:37  Gateway  
  16  0:43  Probe (Chrono Boost)  
  16  0:47  Assimilator  
  17  0:50  Probe  
  18  1:03  Probe  
  19  1:15  Probe  
  20  1:25  Cybernetics Core  
  20  1:33  Nexus  
  20  1:39  Pylon  
  20  1:41  Probe  
  21  1:47  Assimilator  
  21  1:53  Probe  
  22  1:58  Adept (Chrono Boost)  
  22  2:02  Warp Gate  
  22  2:05  Probe  
  25  2:17  Probe  
  25  2:20  Adept (Chrono Boost)  
  28  2:29  Probe  
  29  2:36  Stargate  
  30  2:45  Probe x2 (Chrono Boost), Adept  
  33  2:55  Probe (Chrono Boost)  
  33  2:57  Probe (Chrono Boost)  
  35  3:00  Probe (Chrono Boost)  
  35  3:03  Robotics Facility  
  36  3:05  Probe  
  36  3:12  Probe  
  38  3:18  Probe, Pylon  
  39  3:22  Phoenix (Chrono Boost)  
  39  3:24  Probe  
  42  3:30  Probe  
  42  3:33  Assimilator  
  43  3:34  Assimilator  
  43  3:36  Probe  
  44  3:42  Probe  
  44  3:45  Phoenix (Chrono Boost)  
  44  3:48  Probe  
  48  3:49  Pylon  
  48  3:51  Observer  
  48  3:54  Probe  
  50  4:00  Probe, Gateway  
  51  4:04  Phoenix  
  51  4:06  Probe  
  54  4:12  Probe  
  55  4:18  Probe  
  55  4:21  Robotics Bay  
  56  4:24  Probe  
  56  4:29  Immortal (Chrono Boost)  
  56  4:30  Probe  
  62  4:38  Observer  
  62  4:46  Pylon  
  62  4:51  Nexus  
  62  4:56  Pylon  
  62  5:03  Phoenix  
  64  5:07  Colossus (Chrono Boost)  
  64  5:08  Pylon  
  64  5:14  Probe x2  
  72  5:17  Extended Thermal Lance (Chrono Boost)  
  72  5:26  Probe  
  73  5:28  Pylon  
  73  5:30  Zealot x2  
  73  5:35  Probe, Shield Battery  
  78  5:40  Probe  
  79  5:44  Twilight Council  
  79  5:48  Gateway  
  79  5:49  Gateway  
  79  5:53  Colossus (Chrono Boost)  
  85  5:58  Sentry  
  87  6:07  Gateway  
  83  6:18  Zealot  
  83  6:22  Shield Battery  
  83  6:23  Phoenix  
  83  6:25  Probe x2  
  87  6:29  Charge  
  87  6:30  Gateway  
  87  6:32  Templar Archives  
  87  6:36  Stalker  
  87  6:38  Zealot  
  91  6:48  Colossus (Chrono Boost)  
  91  6:49  Zealot  
  91  6:50  Zealot  
  95  7:02  Zealot x3  
  95  7:06  Probe x3 (Chrono Boost)  
  102  7:14  Phoenix  
  104  7:18  Probe x3 (Chrono Boost), High Templar  
  109  7:25  Gateway  
  109  7:26  Pylon  
  109  7:28  Pylon  
  109  7:29  Pylon  
  109  7:44  Phoenix, Probe x3, Warp Prism  
  109  7:47  High Templar  
  118  7:54  Gateway  
  118  7:55  Archon  
  118  7:57  Probe x2  
  118  7:58  Zealot x3  
  126  8:00  Pylon, Assimilator  
  126  8:01  High Templar  
  126  8:02  High Templar  
  126  8:04  Assimilator  
  126  8:05  Probe  
  131  8:06  Archon  
  131  8:09  Probe  
  131  8:10  Probe  
  131  8:14  Phoenix  
  132  8:20  Forge  
  132  8:31  Colossus  
  132  8:33  Probe  
  139  8:39  Pylon  
  139  8:41  Robotics Facility  
  139  8:54  Probe, Protoss Ground Weapons Level 1 (Chrono Boost)  
  140  8:55  Photon Cannon  
  140  8:57  Photon Cannon  
  140  8:58  Photon Cannon  
  140  9:05  Gravitic Boosters  
  140  9:07  Zealot x4  
  148  9:13  Nexus, Pylon  
  148  9:22  Pylon  
  148  9:25  Probe  
  148  9:29  Pylon  
  148  9:31  Disruptor  
  149  9:37  Zealot x2  
  156  9:41  Pylon, Zealot x3  
  156  9:42  Pylon, Zealot x2  
  153  9:58  Probe  
  154  10:00  Phoenix, Disruptor  
  154  10:01  Zealot  
  154  10:02  Zealot x6  
  154  10:06  Photon Cannon  
  171  10:25  Phoenix  
  171  10:27  Zealot  
  171  10:28  Zealot  
  172  10:41  Disruptor, Observer  
  172  10:42  Protoss Ground Armor Level 1 (Chrono Boost)  
  173  10:49  Pylon  
  169  10:50  Pylon  
  169  10:51  Pylon  
  169  10:55  Zealot x3  
  172  10:58  Probe  
  173  11:05  Probe  
  173  11:10  Stalker x5  
  182  11:21  Disruptor x2 (Chrono Boost)  
  188  11:27  Nexus, Zealot x3  
  188  11:29  Pylon  
  188  11:32  Probe  
  195  11:35  Forge  
  187  11:49  Disruptor (Chrono Boost)  
  187  11:50  High Templar x5, Photon Cannon  
  187  11:52  Shield Battery  
  187  11:54  Archon x2  
  200  11:59  High Templar  
  200  12:04  Archon  
  200  12:12  Photon Cannon  
  200  12:13  Shield Battery  
  200  12:21  Disruptor  
  154  12:39  Stalker x8  
  154  12:40  Phoenix  
  145  12:55  Colossus (Chrono Boost)  
  143  13:05  Probe  
  140  13:13  High Templar x2  
  140  13:14  Zealot x6  
  140  13:15  Probe x3  
  157  13:25  Pylon  
  157  13:30  Archon  
  157  13:31  Gateway x2  
  157  13:41  Warp Prism (Chrono Boost)  
  99  13:50  Phoenix  
  99  13:54  High Templar x4  
  99  13:55  Zealot x4  
  104  13:58  Archon  
  104  13:59  Archon  
  74  14:17  Zealot  
  74  14:18  Zealot x3  
Tags
 
Add a new tag
Caveats
  • Supply blocks, unpowered buildings, or Contaminate may cause inaccurate times.
  • Supply counts are checked every 10 seconds.